[Event "45th FIDE Olympiad 2024"]
[Site "Budapest"]
[Date "2024.09.16"]
[Round "6.7"]
[White "Lilay, Weldu Gebru"]
[Black "Savva, Panikos"]
[Result "0-1"]
[WhiteElo "1977"]
[BlackElo "1973"]
[PlyCount "112"]
[EventDate "2024.09.05"]
[EventType "team-tourn"]
[EventCountry "HUN"]
[WhiteTeam "Eritrea"]
[BlackTeam "Cyprus"]
[WhiteTeamCountry "ERI"]
[BlackTeamCountry "CYP"]
[TimeControl "40/5400+30:1800+30"]

1. e4 c5 2. Nf3 e6 3. Nc3 Nc6 4. d4 cxd4 5. Nxd4 Qc7 6. Be3 a6 7. a3 Nf6 8. Be2 Be7 9. Qd2 Ne5 10. Bf4 d6 11. O-O O-O 12. h3 Nc4 13. Bxc4 Qxc4 14. e5 dxe5 15. Bxe5 b5 16. Qg5 Bb7 17. Rad1 h6 18. Qg3 Nh5 19. Qg4 Nf6 20. Qg3 Nh5 21. Qe3 Rfd8 22. Qe2 Qxe2 23. Ndxe2 Rac8 24. Rxd8+ Rxd8 25. Rd1 Rxd1+ 26. Nxd1 Nf6 27. c3 Ne4 28. Ne3 f6 29. Bd4 Kf7 30. Kf1 e5 31. Bb6 Ke6 32. f4 g6 33. g4 Bc6 34. Ke1 Bc5 35. Bxc5 Nxc5 36. f5+ gxf5 37. gxf5+ Kf7 38. b4 Ne4 39. h4 Nd6 40. Ng3 Ke7 41. Ke2 Ne4 42. Nxe4 Bxe4 43. h5 Kf7 44. Kf2 Kg7 45. Kg3 Kf7 46. Kg4 Ke7 47. c4 bxc4 48. Nxc4 Bd3 49. Ne3 Be2+ 50. Kh4 Kd6 51. Ng4 Bxg4 52. Kxg4 Kd5 53. Kf3 Kd4 54. a4 Kc4 55. b5 axb5 56. axb5 Kxb5 {0-} 0-1

[Event "45th FIDE Olympiad 2024"]
[Site "Budapest"]
[Date "2024.09.16"]
[Round "6.8"]
[White "Vidit, Santosh Gujrathi"]
[Black "Gledura, Benjamin"]
[Result "1-0"]
[ECO "D13"]
[WhiteElo "2720"]
[BlackElo "2628"]
[Annotator "TA"]
[PlyCount "103"]
[EventDate "2024.09.05"]
[EventType "team-tourn"]
[EventCountry "HUN"]
[SourceTitle "playchess.com"]
[Source "ChessBase"]
[SourceQuality "1"]
[WhiteTeam "India"]
[BlackTeam "Hungary"]
[WhiteTeamCountry "IND"]
[BlackTeamCountry "HUN"]
[TimeControl "40/5400+30:1800+30"]

1. d4 d5 2. c4 c6 3. cxd5 cxd5 4. Nc3 Nf6 5. Nf3 Nc6 6. Bf4 a6 7. Qb3 e6 8. e3 Bd6 9. Bxd6 {[%emt 0:21:09] White has an edge.} Qxd6 10. Be2 O-O 11. O-O Rb8 12. Rfc1 Re8 13. Na4 e5 14. dxe5 Nxe5 15. Qb6 Qxb6 16. Nxb6 {[%emt 0:00:16] [#] Nxe5 is the strong threat.} Bg4 17. Rc7 Bxf3 18. gxf3 d4 19. Rd1 dxe3 20. fxe3 Nc6 ({Black should play} 20... Re6 $11 21. f4 Rxb6 22. fxe5 Ne4 (22... Rxb2 $2 23. Bc4 $18)) 21. e4 {[%emt 0:20:19][%cal Oe2a6] White is much more active.} Re7 22. Rxe7 Nxe7 23. Kf2 Nc6 24. Rc1 Nd4 25. Bc4 Rd8 26. Ke3 Kf8 27. Bf1 Ne6 {[%emt 0:00:00] Repels Rc7} 28. Bh3 Ne8 29. f4 g5 30. fxg5 Nxg5 31. Rc8 Rxc8 {[%emt 0:02:27] White leaves nothing to chance now.} 32. Bxc8 $14 {[%emt 0:00:02][%mdl 4096] Endgame. KBN-KNN} Nd6 33. Bf5 h6 34. h4 Ne6 35. Bg4 Ng7 ({Better is} 35... Kg7) 36. Kf4 $16 f6 37. b4 Kf7 {[%emt 0:00:31] [#]} (37... h5 $16 38. Bh3 Kf7) 38. e5 $1 $18 fxe5+ 39. Kxe5 Nge8 40. a4 Ke7 41. Nd5+ Kd8 42. Be2 {[%emt 0:03:56] Dodges Nc4+. And now Nf6 would win.} Nc8 43. Bf3 b6 $2 (43... Ncd6 {keeps fighting.} 44. Ke6 Nc4) 44. h5 Nc7 $2 (44... b5 45. a5 Ncd6) 45. Ne3 {[%emt 0:03:42] White is clearly winning.} Ne7 46. Ng4 Ng8 47. Be4 Ne8 48. Bg6 {[%emt 0:03:24] aiming for Bxe8.} Ne7 49. Bxe8 Kxe8 50. Kd6 b5 51. axb5 (51. Nxh6 $2 {loses.} bxa4 52. Ng4 a3 $19) 51... axb5 52. Nxh6 {[%emt 0:00:03] Weighted Error Value: White=0.07 (flawless) /Black=0.19 (very precise) .  Mistake:       	---       	Black=5      Inaccurate:     	White=1     	Black=3      OK:         	White=14    	Black=15     Best:        	White=2     	---        Strong:       	White=1     	---} 1-0

[Event "45th FIDE Olympiad 2024"]
[Site "Budapest"]
[Date "2024.09.16"]
[Round "6.8"]
[White "Kefalas, Loukas"]
[Black "Samuel, Merhawi Gebrehiwet"]
[Result "0-1"]
[WhiteElo "1912"]
[BlackElo "1788"]
[PlyCount "100"]
[EventDate "2024.09.05"]
[EventType "team-tourn"]
[EventCountry "HUN"]
[WhiteTeam "Cyprus"]
[BlackTeam "Eritrea"]
[WhiteTeamCountry "CYP"]
[BlackTeamCountry "ERI"]
[TimeControl "40/5400+30:1800+30"]

1. e4 c5 2. Nf3 Nc6 3. Bb5 g6 4. O-O Bg7 5. c3 Qb6 6. a4 Nf6 7. e5 Nd5 8. d4 cxd4 9. cxd4 O-O 10. Nc3 Nxc3 11. bxc3 d5 12. exd6 exd6 13. h3 Bf5 14. Ba3 Rfd8 15. Re1 Qc7 16. g4 Bd7 17. Nd2 d5 18. Nf1 a6 19. Be2 Na5 20. Bf3 Be6 21. Bb4 Nc4 22. a5 Bh6 23. Kg2 Bf4 24. Qa4 Kg7 25. Ne3 Nxe3+ 26. Rxe3 Bxe3 27. fxe3 f5 28. Qa3 Rd7 29. Rf1 Re8 30. Qa2 fxg4 31. hxg4 Qd8 32. Qf2 Qg5 33. Qg3 Bf7 34. Qf4 Qxf4 35. exf4 h5 36. Rb1 hxg4 37. Bxg4 Be6 38. Bf3 Bf5 39. Rb2 Be4 40. Bc5 Re6 41. Ba7 Bxf3+ 42. Kxf3 Rde7 43. Bb8 Re3+ 44. Kg4 Rxc3 45. Be5+ Kg8 46. Rb6 Rc6 47. Rb3 Rh7 48. Rb1 Kf8 49. Re1 b5 50. axb6 Rxb6 {0-} 0-1

[Event "45th FIDE Olympiad 2024"]
[Site "Budapest"]
[Date "2024.09.16"]
[Round "6.9"]
[White "Carlsen, Magnus"]
[Black "Maghsoodloo, Parham"]
[Result "1/2-1/2"]
[ECO "B12"]
[WhiteElo "2832"]
[BlackElo "2723"]
[Annotator "TA"]
[PlyCount "174"]
[EventDate "2024.09.05"]
[EventType "team-tourn"]
[EventCountry "HUN"]
[SourceTitle "playchess.com"]
[Source "ChessBase"]
[SourceQuality "1"]
[WhiteTeam "Norway"]
[BlackTeam "Iran"]
[WhiteTeamCountry "NOR"]
[BlackTeamCountry "IRI"]
[TimeControl "40/5400+30:1800+30"]

1. e4 c6 2. d4 d5 3. e5 Bf5 4. Nd2 e6 5. Nb3 Nd7 6. Nf3 Ne7 7. Be2 h6 8. O-O Bh7 9. a4 a5 10. Bd2 Qb6 11. Rc1 g5 12. Kh1 Ng6 13. Bd3 Bb4 14. Be3 Qc7 15. Nfd2 Nh4 16. Bxh7 Rxh7 17. c3 Be7 18. c4 Nf8 19. f4 Nf5 20. Bg1 gxf4 21. cxd5 exd5 22. Rxf4 Ng7 23. Qc2 h5 24. Rcf1 {[%emt 0:00:47] White has more active pieces. The black rooks are passive.} Nge6 25. Rf5 Qb6 26. Nb1 h4 27. h3 Rg7 28. Nc3 Bg5 29. Nd2 Qa6 (29... Nxd4 $2 {is the wrong capture.} 30. Bxd4 Qxd4 31. Nf3 $18) 30. R1f3 Rd8 31. Nf1 Rd7 32. Nh2 Qc4 33. b3 Qb4 34. Ne2 Ng6 (34... Qd2 $14 35. Qxd2 Bxd2) 35. Ng4 (35. Rd3 $16) 35... Ne7 $14 {[%emt 0:00:18] [#]} 36. Rf6 Qd2 {[%emt 0:01:29] Inhibits Be3.} 37. Qxd2 Bxd2 38. Be3 Bxe3 39. Rxe3 c5 40. dxc5 d4 $1 41. Rd3 {[%emt 0:30:35][%cal Of6e6] [#] Threatens to win with Rxe6!} Nc6 42. Rxe6+ fxe6 43. Nf6+ Kf8 44. Nxd7+ Rxd7 $11 {[%emt 0:00:00][%mdl 4096] Endgame. KRN-KRN} 45. g3 Kg8 46. gxh4 Rd5 47. Kg2 Kh7 (47... Nxe5 48. Rxd4 Rxc5 49. h5 $11) 48. Rd2 Rxc5 49. Nxd4 Nxd4 50. Rxd4 {[%emt 0:00:00] Rd7+ would now be deadly. KR-KR} b5 $1 51. Kf3 Rxe5 52. Re4 Rf5+ 53. Ke3 bxa4 54. bxa4 Rh5 $1 55. Rg4 Kh6 56. Kd4 Rd5+ 57. Kc4 Re5 {[%emt 0:00:05] Prevents Re4} 58. Kd4 Rd5+ 59. Ke3 Rh5 60. Re4 Kg7 61. Kf3 Kf6 62. Kg4 Rh8 63. Rf4+ Kg6 64. Re4 Kf6 65. h5 Rg8+ 66. Kf3 {[%emt 0:01:28] Black must now prevent Rf4+.} Rg5 67. Rh4 Kg7 68. h6+ Kh7 69. Re4 Rh5 70. Kg4 Rxh6 71. Re5 Rg6+ 72. Kf4 Rf6+ 73. Kg3 Rg6+ $2 (73... Rf5 $11 {and Black is okay.} 74. Rxe6 Rc5) 74. Kh2 $18 Rf6 (74... Rg8 {keeps fighting.} 75. Rxa5 (75. Rxe6 Rg5 $14) 75... Kg6) 75. Rxa5 Rf3 (75... Rf8 $142 76. Kg3 Rf1) 76. Rg5 $2 (76. Ra8 e5 77. a5) 76... Ra3 77. a5 Kh6 78. h4 $2 (78. Rc5 $18) 78... Ra4 $11 {[%emt 0:00:31] The position is equal.} 79. Kg3 {[%emt 0:00:05] And now Rc5 would win.} Ra3+ 80. Kf4 {[%emt 0:01:01] Hoping for Rb5.} Ra4+ 81. Ke3 {[%emt 0:00:09] Re5 is the strong threat.} Rxh4 82. Re5 Kg7 83. a6 Ra4 {[%emt 0:02:38] Inhibits Ra5.} 84. Rxe6 Kf7 85. Rh6 Kg7 86. Rb6 Kf7 87. Kd3 Ke7 {[%emt 0:00:15] Weighted Error Value: White=0.10 (very precise) /Black=0.07 (flawless) .  Loses game:     	---       	Black=1      Missed win:     	White=1     	---        Mistake:       	White=2     	Black=3      Inaccurate:     	White=8     	Black=5      OK:         	White=20    	Black=37     Best:        	White=6     	Black=11     Strong:       	---       	Black=3      Brilliant:      	White=1     	---} 1/2-1/2

[Event "45th FIDE Olympiad 2024"]
[Site "Budapest"]
[Date "2024.09.16"]
[Round "6.9"]
[White "Al-Hajiri, Bader"]
[Black "Seder, Mohammed"]
[Result "0-1"]
[WhiteElo "1947"]
[BlackElo "2116"]
[PlyCount "72"]
[EventDate "2024.09.05"]
[EventType "team-tourn"]
[EventCountry "HUN"]
[WhiteTeam "Kuwait"]
[BlackTeam "Palestine"]
[WhiteTeamCountry "KUW"]
[BlackTeamCountry "PLE"]
[TimeControl "40/5400+30:1800+30"]

1. e4 c5 2. Nf3 Nc6 3. d4 cxd4 4. Nxd4 Nf6 5. Nc3 e5 6. Ndb5 d6 7. Bg5 a6 8. Na3 b5 9. Nd5 Be7 10. Bxf6 Bxf6 11. c4 b4 12. Nc2 Rb8 13. b3 Bg5 14. h4 Bh6 15. g3 a5 16. Bh3 Bb7 17. Qf3 Ne7 18. Nce3 Bxd5 19. cxd5 Bxe3 20. Qxe3 O-O 21. Qd3 Nc8 22. Qa6 Qb6 23. Qxb6 Rxb6 24. Kd2 Na7 25. Rhc1 Nb5 26. Rc6 Rfb8 27. Kd3 Kf8 28. Rac1 Ke7 29. f4 f6 30. Be6 Rxc6 31. Rxc6 Rb7 32. Ra6 Ra7 33. Rb6 Nc3 34. a4 bxa3 35. fxe5 fxe5 36. Kc2 Rc7 {0-} 0-1

[Event "45th FIDE Olympiad 2024"]
[Site "Budapest"]
[Date "2024.09.16"]
[Round "6.10"]
[White "Tabatabaei, M. Amin"]
[Black "Christiansen, Johan-Sebastian"]
[Result "1/2-1/2"]
[ECO "C02"]
[WhiteElo "2714"]
[BlackElo "2661"]
[Annotator "TA"]
[PlyCount "97"]
[EventDate "2024.09.05"]
[EventType "team-tourn"]
[EventCountry "HUN"]
[SourceTitle "playchess.com"]
[Source "ChessBase"]
[SourceQuality "1"]
[WhiteTeam "Iran"]
[BlackTeam "Norway"]
[WhiteTeamCountry "IRI"]
[BlackTeamCountry "NOR"]
[TimeControl "40/5400+30:1800+30"]

1. e4 e6 2. d4 d5 3. e5 c5 4. c3 Qa5 5. dxc5 Qc7 6. b4 Qxe5+ 7. Be2 b6 8. Nf3 Qc7 9. c4 dxc4 10. Na3 bxc5 11. Nxc4 Nd7 {[%emt 0:08:00] [#] Wards off Nfe5} (11... Nf6 $11 {remains equal.}) 12. g3 $1 $16 Ngf6 13. Bf4 Qb7 14. bxc5 (14. O-O $16) 14... Bxc5 $11 15. O-O {[%emt 0:09:51] Active counter play!} (15. Nd6+ $11 Bxd6 16. Bxd6) 15... O-O $15 16. Rb1 Nb6 17. Rb5 Qd5 (17... Qe7 $1 $15 18. Nd6 Nbd7) 18. Qxd5 $11 exd5 19. Rxc5 dxc4 20. Nd2 Bh3 21. Rc1 Rfe8 22. Be3 {[%emt 0:03:28] [#]} c3 $1 23. R5xc3 Nfd5 24. Ra3 Nxe3 25. Rxe3 Rxe3 26. fxe3 Be6 27. a3 Rd8 28. Nf3 Bg4 29. Kf2 Rd5 30. Nd4 Bxe2 31. Kxe2 {[%emt 0:00:07][%mdl 4096] Endgame. KRN-KRN} Ra5 32. Rc3 g6 33. Kd3 Kg7 34. Kc2 Nd5 35. Rb3 Ra4 36. Nb5 {[%emt 0:01:00] The position is equal.} Ra5 37. Kd3 Ra4 38. e4 Nf6 39. Rb4 Ra5 40. a4 Nd7 41. Kd4 {[%emt 0:05:11] Prevents Nc5.} Nb6 42. Nc3 Ra6 43. e5 Kf8 44. g4 h6 45. h4 Kg7 46. Kc5 {[%emt 0:09:16] Kb5 would now be deadly.} Ra5+ 47. Kd4 Ra6 48. Kc5 {[%emt 0:01:09] Hoping for Kb5.} Ra5+ 49. Kd4 {[%emt 0:04:13] Weighted Error Value: White=0.08 (flawless) /Black=0.07 (flawless) .  Mistake:       	White=2     	Black=2      Inaccurate:     	---       	Black=1      OK:         	White=22    	Black=24     Best:        	White=2     	Black=4      Strong:       	White=1     	---} 1/2-1/2

[Event "45th FIDE Olympiad 2024"]
[Site "Budapest"]
[Date "2024.09.16"]
[Round "6.10"]
[White "Michel Yunis, Christian D."]
[Black "Al Ibrahim, Abdulrahman"]
[Result "1-0"]
[WhiteElo "2220"]
[BlackElo "1932"]
[PlyCount "107"]
[EventDate "2024.09.05"]
[EventType "team-tourn"]
[EventCountry "HUN"]
[WhiteTeam "Palestine"]
[BlackTeam "Kuwait"]
[WhiteTeamCountry "PLE"]
[BlackTeamCountry "KUW"]
[TimeControl "40/5400+30:1800+30"]

1. d4 d5 2. Nf3 Nf6 3. c4 e6 4. Bg5 dxc4 5. Qa4+ Nbd7 6. Nbd2 a6 7. Qxc4 c5 8. dxc5 Bxc5 9. Nb3 b5 10. Qc2 Bb4+ 11. Bd2 Bxd2+ 12. Qxd2 O-O 13. e3 Bb7 14. Be2 Rc8 15. O-O Nb6 16. Rfc1 Qxd2 17. Nbxd2 Na4 18. b4 Nc3 19. Kf1 Bd5 20. a3 Rfd8 21. Rc2 Nxe2 22. Rxc8 Rxc8 23. Kxe2 Rc3 24. a4 bxa4 25. Rxa4 Bc6 26. Ra2 Bb5+ 27. Kd1 Nd5 28. Rb2 Ra3 29. Ne1 Ra1+ 30. Nb1 Rxb1+ 31. Rxb1 Nc3+ 32. Kc2 Nxb1 33. Kxb1 Kf8 34. Kb2 Ke7 35. Kc3 Kd6 36. Nc2 Bf1 37. g3 Kd5 38. f3 e5 39. e4+ Kd6 40. Ne3 Bb5 41. Nf5+ Kc6 42. Nxg7 Be2 43. f4 Bf3 44. fxe5 Bxe4 45. e6 fxe6 46. Nxe6 Bg2 47. Nf4 Bf1 48. g4 Kb5 49. g5 Bc4 50. Nh5 Bf7 51. Nf6 Bg6 52. h4 Kc6 53. h5 Bf5 54. Nxh7 1-0

[Event "45th FIDE Olympiad 2024"]
[Site "Budapest"]
[Date "2024.09.16"]
[Round "6.11"]
[White "Tari, Aryan"]
[Black "Daneshvar, Bardiya"]
[Result "1/2-1/2"]
[ECO "C67"]
[WhiteElo "2642"]
[BlackElo "2598"]
[Annotator "TA"]
[PlyCount "56"]
[EventDate "2024.09.05"]
[EventType "team-tourn"]
[EventCountry "HUN"]
[SourceTitle "playchess.com"]
[Source "ChessBase"]
[SourceQuality "1"]
[WhiteTeam "Norway"]
[BlackTeam "Iran"]
[WhiteTeamCountry "NOR"]
[BlackTeamCountry "IRI"]
[TimeControl "40/5400+30:1800+30"]

1. e4 e5 2. Nf3 Nc6 3. Bb5 Nf6 4. O-O Nxe4 5. Re1 Nd6 6. a4 a6 7. Nxe5 Be7 8. Bf1 {[%emt 0:02:29] White has an edge.} Nf5 9. Nf3 d5 10. d4 O-O 11. c3 Bd6 12. g3 Nfe7 13. Bg2 Bf5 14. Nbd2 a5 15. Ne5 Bxe5 16. dxe5 Qd7 17. Nb3 b6 18. Bg5 Bg4 19. Qd3 h6 20. Bxe7 Nxe7 21. Nd4 c5 22. Nb5 Rad8 23. Nd6 Be6 {[%emt 0:05:44] The position is equal.} 24. b3 Nc8 25. Nb5 Na7 26. Nd6 Nc8 27. Nb5 Na7 28. Nd6 Nc8 {[%emt 0:00:46] Weighted Error Value: White=0.05 (flawless) /Black=0.05 (flawless) .  Inaccurate:     	---       	Black=1      OK:         	White=11    	Black=10} 1/2-1/2

[Event "45th FIDE Olympiad 2024"]
[Site "Budapest"]
[Date "2024.09.16"]
[Round "6.11"]
[White "Alsaqer, Meshal"]
[Black "Abdel Wahab, Ahmad"]
[Result "0-1"]
[WhiteElo "1815"]
[BlackElo "1995"]
[PlyCount "66"]
[EventDate "2024.09.05"]
[EventType "team-tourn"]
[EventCountry "HUN"]
[WhiteTeam "Kuwait"]
[BlackTeam "Palestine"]
[WhiteTeamCountry "KUW"]
[BlackTeamCountry "PLE"]
[TimeControl "40/5400+30:1800+30"]

1. d4 d5 2. Nf3 e6 3. c4 a6 4. cxd5 exd5 5. g3 Nf6 6. Bg2 Bd6 7. Nc3 O-O 8. O-O h6 9. b3 c6 10. Bb2 Re8 11. Rc1 Bf5 12. Na4 Nbd7 13. Nc5 Rb8 14. e3 Qe7 15. b4 Ne4 16. Nd2 Ndf6 17. Ndxe4 Nxe4 18. Qe2 Nf6 19. a4 Ra8 20. Ba1 a5 21. b5 b6 22. Na6 Rec8 23. Qa2 cxb5 24. axb5 Bd3 25. Bxd5 Bxf1 26. Rxf1 Nxd5 27. Qxd5 Ra7 28. e4 Qe6 29. Qxe6 fxe6 30. Rd1 Ba3 31. d5 exd5 32. exd5 Rd7 33. Kf1 Rc1 {0-} 0-1

[Event "45th FIDE Olympiad 2024"]
[Site "Budapest"]
[Date "2024.09.16"]
[Round "6.12"]
[White "Idani, Pouya"]
[Black "Urkedal, Frode Olav Olsen"]
[Result "1-0"]
[ECO "C84"]
[WhiteElo "2599"]
[BlackElo "2546"]
[Annotator "TA"]
[PlyCount "83"]
[EventDate "2024.09.05"]
[EventType "team-tourn"]
[EventCountry "HUN"]
[SourceTitle "playchess.com"]
[Source "ChessBase"]
[SourceQuality "1"]
[WhiteTeam "Iran"]
[BlackTeam "Norway"]
[WhiteTeamCountry "IRI"]
[BlackTeamCountry "NOR"]
[TimeControl "40/5400+30:1800+30"]

1. e4 e5 2. Nf3 Nc6 3. Bb5 a6 4. Ba4 Nf6 5. O-O Be7 6. d3 b5 7. Bb3 d6 8. c3 O-O 9. Bc2 {[%emt 0:00:04] 9.h3 is becoming the main line. C84: Closed Ruy Lopez: Unusual White 6th moves.} Re8 10. Re1 h6 11. Nbd2 Bf8 12. d4 Bb7 13. b3 $5 $146 {[%emt 0:02:39][%mdl 8] New and interesting.} ({Predecessor:} 13. h3 Nb8 14. b3 Nbd7 15. Bb2 g6 16. a4 Bg7 17. b4 d5 18. Nxe5 Nxe5 19. dxe5 Nxe4 20. f4 g5 21. axb5 axb5 22. Rxa8 Bxa8 23. Nf3 gxf4 24. Bc1 Nxc3 {1-0 Grandelius,N (2688)-Yilmaz,M (2650) EU-chT 24th Budva 2023 (7.1)}) 13... Nb8 14. Bb2 Nbd7 15. a4 c6 16. Nf1 g6 17. Ng3 Bg7 18. Bd3 Qc7 19. Rc1 bxa4 20. bxa4 d5 21. exd5 Nxd5 22. c4 Nf4 23. c5 exd4 24. Ne4 Nxd3 25. Qxd3 Ne5 26. Nxe5 Qxe5 27. Qd2 Qd5 28. Nd6 Rxe1+ 29. Rxe1 Rb8 30. Qb4 {[%emt 0:09:49] [#]} Bf8 (30... a5 $2 31. Qb6 $18 (31. Qxa5 Bc8 $17)) (30... Be5 $1 $11 31. Qb6 (31. Nxb7 a5 $17) 31... Bxd6 32. cxd6 c5) 31. Ne8 $1 $16 (31. Nxb7 Qd7 32. Qxd4 Qxd4 33. Bxd4 Rxb7 $14) 31... a5 $2 (31... Qxc5 $16 32. Nf6+ Kg7 33. Qxc5 Bxc5) 32. Nf6+ $18 (32. Qxd4 Qxd4 33. Bxd4 f5 $11) 32... Kg7 {[%emt 0:03:16] [#]} 33. Qd2 $1 (33. Qxa5 Kxf6 34. Qc7 Rd8 35. Qxb7 Kg7 $17 (35... Bxc5 36. a5 $17) (35... Qxc5 36. Rc1 $11)) (33. Qxd4 Qxd4 34. Bxd4 Rd8 $16) (33. Nxd5 axb4 34. Bxd4+ f6 35. Nxb4 (35. Bxf6+ Kf7 $11) 35... Rd8 $14) 33... Qc4 34. Bxd4 Rd8 35. Nd7+ (35. Qxa5 $2 {too greedy.} Qxd4 36. Ne8+ Kg8 $19) 35... Kg8 36. Bf6 (36. Qxa5 $2 {loses.} Rxd7 37. Bf6 Kh7 $19 (37... Qxc5 $2 38. Qxc5 Bxc5 39. Re8+ Bf8 40. h4 $19) (37... Bxc5 $2 38. h3 $19)) 36... Rxd7 37. Qxd7 Qb4 38. Qe8 Ba6 39. h3 Bc4 40. Re3 Qb1+ {[%emt 0:00:28] [#]} 41. Kh2 $1 Qf5 42. Be7 (42. Qxc6 Bd5 43. Qb6 Qxf2 $11) 1-0

[Event "45th FIDE Olympiad 2024"]
[Site "Budapest"]
[Date "2024.09.16"]
[Round "6.12"]
[White "Miswadah, Baha"]
[Black "Alabdaljader, Mohammed"]
[Result "1-0"]
[WhiteElo "1957"]
[BlackElo "1677"]
[PlyCount "99"]
[EventDate "2024.09.05"]
[EventType "team-tourn"]
[EventCountry "HUN"]
[WhiteTeam "Palestine"]
[BlackTeam "Kuwait"]
[WhiteTeamCountry "PLE"]
[BlackTeamCountry "KUW"]
[TimeControl "40/5400+30:1800+30"]

1. d4 Nf6 2. Bf4 d5 3. e3 e6 4. Nf3 c5 5. c3 Nc6 6. Nbd2 cxd4 7. exd4 Nh5 8. Be5 f6 9. Bg3 Bd6 10. Bxd6 Qxd6 11. Nh4 g6 12. g3 O-O 13. Bd3 Ne7 14. Qe2 Ng7 15. f4 Bd7 16. Ndf3 Nc6 17. Ng2 Rae8 18. O-O-O Qc7 19. Kb1 e5 20. dxe5 fxe5 21. Nxe5 Nxe5 22. fxe5 Rxe5 23. Qd2 Rf3 24. Bc2 Ne6 25. Rhf1 Ng5 26. Nf4 Rxf1 27. Rxf1 Qc5 28. Bb3 Bf5+ 29. Ka1 Be4 30. h4 Nf3 31. Qd1 Kh8 32. a3 Qb5 33. a4 Qb6 34. Ka2 Qe3 35. Nd3 Re7 36. Nb4 Rf7 37. Nxd5 Qc5 38. Nf4 Ne5 39. Bxf7 Nxf7 40. Qd4+ Qxd4 41. cxd4 Nd6 42. b3 Nf5 43. Ne6 Bd5 44. Nc7 Be4 45. Rf4 Bg2 46. d5 Kg7 47. h5 Kf6 48. g4 Ke5 49. gxf5 Kxf4 50. f6 1-0

[Event "45th FIDE Olympiad 2024"]
[Site "Budapest"]
[Date "2024.09.16"]
[Round "6.13"]
[White "Caruana, Fabiano"]
[Black "Deac, Bogdan-Daniel"]
[Result "1/2-1/2"]
[ECO "C54"]
[WhiteElo "2798"]
[BlackElo "2680"]
[Annotator "TA"]
[PlyCount "249"]
[EventDate "2024.09.05"]
[EventType "team-tourn"]
[EventCountry "HUN"]
[SourceTitle "playchess.com"]
[Source "ChessBase"]
[SourceQuality "1"]
[WhiteTeam "United States of America"]
[BlackTeam "Romania"]
[BlackTeamCountry "ROU"]
[TimeControl "40/5400+30:1800+30"]

1. e4 e5 2. Nf3 Nc6 3. Bc4 Nf6 4. d3 Bc5 5. c3 d6 6. a4 a6 7. O-O Ba7 8. Re1 {[%emt 0:00:08] White has an edge.} O-O 9. h3 Re8 10. Na3 h6 11. b4 Be6 12. Bxe6 Rxe6 13. Nc2 Ne7 14. c4 a5 15. b5 Ng6 16. Ne3 Bxe3 17. Bxe3 b6 18. Nd2 Nd7 19. Nf1 Qf8 (19... Nf4 $11) 20. Ng3 $14 Rae8 21. Ra2 Nf4 22. d4 g5 (22... Rd8 $14) 23. Nf5 (23. d5 $16 Rg6 24. Nf5) 23... exd4 24. Bxf4 gxf4 25. Qxd4 Kh7 26. f3 Qh8 27. Qxh8+ Kxh8 28. Nd4 {[%emt 0:00:04] White is more active.} Rf6 29. Ne2 Nc5 30. Nc3 Rg6 31. Nd5 Ne6 32. e5 {[%emt 0:00:51] [#] Strongly threatening exd6.} Nd4 33. Kf1 dxe5 34. Nxf4 Rd6 35. Nd5 Kg7 {[%emt 0:01:51] [#]} 36. Rd2 $1 {[%emt 0:01:45] And now Rxd4 would win.} (36. Nxc7 $6 Rc8 37. Na6 (37. Nd5 Rxc4 38. Ne3 Rc5 $11) 37... Rxc4 $11) 36... Nb3 37. Rdd1 Red8 38. Rxe5 c6 39. bxc6 Rxc6 40. Re3 Nc5 41. Ra3 Ne6 42. Rb1 (42. Rc3 $14) 42... Rxc4 $11 43. Ne3 Rc6 44. Rab3 Kg6 45. Rxb6 Rxb6 46. Rxb6 {[%emt 0:00:00][%mdl 4096] Endgame. Rb5 would now be deadly. KRN-KRN} Rd4 47. g3 Rxa4 48. f4 Kg7 49. Nf5+ Kg6 50. Nd6 {[%emt 0:00:00] f5+ is the strong threat.} Nxf4 51. gxf4 Rxf4+ {[%emt 0:00:00] KRN-KR} 52. Ke2 Rf6 53. Ke3 Re6+ 54. Kd4 f6 55. Ra6 a4 56. Kd5 Re5+ 57. Kc6 Rh5 58. Rxa4 Rxh3 59. Rg4+ Kh5 60. Rg8 Rd3 61. Ne4 Rf3 62. Kd5 Rd3+ 63. Kc4 Rf3 64. Kd4 Kh4 65. Rg6 h5 66. Nd2 ({Reject} 66. Rxf6 Rxf6 67. Nxf6 Kg3 $11) (66. Nxf6 Rg3 67. Rh6 Kg5 $16) 66... Ra3 67. Ke4 Kh3 (67... Ra4+ $11 68. Kd3 f5) 68. Nf1 h4 69. Ne3 {[%emt 0:00:36] Prevents f5+} (69. Rxf6 Kg2 $11) 69... f5+ 70. Kf4 ({But not} 70. Kxf5 Rxe3 71. Kf4 Ra3 $11) ({White should play} 70. Kf3 $14) 70... Ra4+ 71. Kxf5 Ra8 ({Black should try} 71... Kh2 $1 $11) 72. Ke4 Rf8 73. Nf5 Rh8 74. Nd4 Re8+ 75. Kf4 Rf8+ 76. Ke3 Re8+ 77. Kf2 Ra8 78. Rh6 Kg4 79. Nc2 Ra2 80. Rc6 Rb2 81. Rc4+ Kg5 82. Kg2 Kh5 83. Kf3 Rb3+ 84. Ne3 h3 85. Rc8 Rb6 86. Kg3 Rb3 87. Rh8+ Kg5 88. Kf3 Rb4 89. Rxh3 Rf4+ 90. Ke2 Rd4 91. Rh8 Kf6 92. Kf3 Ra4 93. Rc8 Ke6 94. Nc4 Ra1 95. Ke4 Re1+ 96. Ne3 Re2 97. Rc6+ Kd7 98. Rh6 Re1 99. Kd4 Re2 100. Nf5 Rd2+ 101. Kc5 Rc2+ 102. Kd5 Rd2+ 103. Nd4 Rd1 104. Rh7+ Kd8 105. Ke5 Ke8 106. Nc6 Re1+ 107. Kd6 Rd1+ 108. Ke6 Re1+ 109. Ne5 Kd8 110. Rg7 Kc8 111. Rg3 Re2 112. Rc3+ Kd8 113. Rc1 Re4 114. Rh1 Re2 115. Rh3 (115. Rh8+ Kc7 116. Rh7+ Kc8) 115... Re1 116. Rh7 Kc8 117. Rg7 Re2 118. Kd5 Rd2+ 119. Kc5 {[%emt 0:00:02] The position is equal.} Rc2+ 120. Nc4 Rc1 121. Kd5 Kd8 122. Kd6 Rd1+ 123. Ke6 Re1+ 124. Ne5 Kc8 125. Re7 {[%emt 0:00:26] Weighted Error Value: White=0.08 (flawless) /Black=0.07 (flawless) .  Mistake:       	White=3     	Black=4      Inaccurate:     	White=4     	Black=2      OK:         	White=52    	Black=52     Best:        	White=4     	Black=6      Strong:       	White=1     	---} 1/2-1/2